 Dungeon Crawl Stone Soup version 0.30.0-29-ga12c61a403 (webtiles) character file.

Game seed: 545089880094499201

14 Chiseanne the Covered (level 2, -1/27 HPs)
             Began as an Armataur Fighter on June 12, 2023.
             Slain by Crazy Yiuf
             ... wielding a +3 quarterstaff of chaos
              (12 damage)
             ... on level 2 of the Dungeon.
             The game lasted 00:02:27 (311 turns).

Chiseanne the Covered (Armataur Fighter)             Turns: 311, Time: 00:02:27

Health: -1/27      AC:  7    Str: 21    XL:     2   Next: 31%
Magic:  2/2        EV:  7    Int:  8    God:
Gold:   83         SH:  0    Dex:  9    Spells: 1/1 levels left

rFire   . . .        a - +0 war axe
rCold   . . .        c - +0 buckler
rNeg    . . .        b - +0 scale mail
rPois   .            (no helmet)
rElec   .            (no cloak)
rCorr   .            (no gloves)
SInv    .            (no barding)
Will    .....        (no amulet) Stlth
                     (no ring)
HPRegen 0.24/turn    (no ring)
MPRegen 0.08/turn

%: roll
@: confused, mighty
A: large, rugged brown scales 3, deformed body, armoured tail, roll, long
tongue, awkward tongue
a: no special abilities


You were on level 2 of the Dungeon.
You visited 1 branch of the dungeon, and saw 2 of its levels.

You collected 83 gold pieces.

Inventory:

Hand Weapons
 a - a +0 war axe (weapon)
Missiles
 g - 6 poisoned darts (quivered)
 h - 4 stones
Armour
 b - a +0 scale mail (worn)
 c - a +0 buckler (worn)
Scrolls
 f - a scroll of teleportation


   Skills:
 * Level 3.0 Fighting
 - Level 1.5 Axes
 * Level 4.0 Armour
 * Level 3.5 Shields


You had one spell level left.
You didn't know any spells.
Your spell library was empty.

Dungeon Overview and Level Annotations

Branches:
Dungeon (2/15)

Altars:

Annotations:
D:2 Crazy Yiuf


Innate Abilities, Weirdness & Mutations

You are completely covered in rugged brown scales. (AC +3, +7% HP)
Armour fits poorly on your strangely shaped body.
You have a long armoured tail.
You roll when moving toward enemies. (Rampage)
Your long tongue fully drains potion bottles. (2x potion effects)
Your tongue gives you trouble enunciating. (1.5x scroll delay)


Message History

Found 42 gold pieces.
There is a stone staircase leading up here.
You roll towards the bat!
The bat hits you but does no damage.
You roll towards the bat!
You slash the bat!
You kill the bat!
The goblin hits you but does no damage.
You closely miss the goblin. The goblin hits you but does no damage.
The goblin hits you with a +0 club.
You slash the goblin!
You kill the goblin!
Your Fighting skill increases to level 3!
Your Armour skill increases to level 4!
There is a stone staircase leading up here.
You see here a +0 club.
You now have 57 gold pieces (gained 16).
You now have 72 gold pieces (gained 15).
You now have 83 gold pieces (gained 11).
As you slowly read the scroll labelled KASANAITOS, it crumbles to dust.
It is a scroll of identify.
f - a scroll of teleportation You open the door.
Found a hammer.
Found a runed translucent door.
Crazy Yiuf screams, "Spliff wrapper hog!"
Okay, then.
You feel very mighty all of a sudden.
You slurp down every last drop of the potion of might!
You open the door. You slash Crazy Yiuf!
Your tail-slap misses Crazy Yiuf.
Crazy Yiuf is heavily wounded.
Crazy Yiuf hits you with a +3 quarterstaff of chaos.
Crazy Yiuf draws strength from your wounds!
You hit Crazy Yiuf. You tail-slap Crazy Yiuf.
Crazy Yiuf is severely wounded.
Crazy Yiuf closely misses you.
Crazy Yiuf screams, "Line meccalolo pontify!"
Crazy Yiuf hits you with a +3 quarterstaff of chaos!
You are confused.
You're too confused to move!
Crazy Yiuf hits you with a +3 quarterstaff of chaos!
You die...

##### #..)# .... .
#...# .#.#. ... ..#.
#'# #..# ♣♣g♣ ## #..##
♣@♣♣ #.. #...## ♣♣.♣
#..###....# ♣.♣♣
#.......... ♣♣.♣♣
#........#. ♣...♣♣
#.......<#. ♣....♣
#.......#.. ### #....#
#.......#.#
#.####..#####.......#.#
#...##..............'..


You could see Crazy Yiuf.

Vanquished Creatures
  4 endoplasms (D:1)
  2 giant cockroaches (D:1)
  A goblin (D:2)
  A hobgoblin (D:1)
  A ball python (D:1)
  2 bats
  A rat (D:1)
12 creatures vanquished.

Notes
Turn   | Place    | Note
-------+----------+-------------------------------------------
     0 | D:1      | Chiseanne the Armataur Fighter began the quest for the Orb.
     0 | D:1      | Reached XP level 1. HP: 19/19 MP: 1/1
   114 | D:1      | Reached XP level 2. HP: 22/26 MP: 2/2
   189 | D:2      | Reached skill level 4 in Armour
   302 | D:2      | Found a runed translucent door.
   303 | D:2      | Noticed Crazy Yiuf
   311 | D:2      | Slain by Crazy Yiuf

Illustrated notes

Levels and vault maps discovered:
D:1:      saegor_arrival_fortress, layout_basic, shapermc_ecumenical_altar_petra
D:2:      layout_basic, basic_altar, serial_shops, shop, uniq_jessica,
          uniq_crazy_yiuf_cottage

Skill      XL: |  1  2 |
---------------+-------+-----
Fighting       | 3 |  3.0
Armour         | 4 |  4.0
Axes           | |  1.5
Shields        | |  3.5

Action                     || total
---------------------------++-------
  Melee: War axe           ||    19
         Tailslap          ||     2
    Use: Scroll            ||     1
         Potion            ||     1
 Armour: Scale mail        ||    11
  Dodge: Dodged            ||     8
  Block: Buckler           ||     4
